[Event "TUR-ch U13-18 Open 2023"]
[Site "Antalya"]
[Date "2023.01.24"]
[Round "5"]
[White "Acar, Erdogan"]
[Black "Yildiz, Tunahan"]
[Result "0-1"]
[ECO "B80"]
[WhiteElo "1631"]
[BlackElo "1792"]
[Annotator "NA COMBH"]
[PlyCount "104"]
[EventDate "2023.01.17"]
[EventType "swiss"]
[EventCountry "TUR"]
[SourceTitle "playchess.com"]
[Source "ChessBase"]
[SourceQuality "1"]
[TimeControl "5400+30"]

1. e4 c5 2. Nf3 e6 3. d4 cxd4 4. Nxd4 Nf6 5. Nc3 d6 6. g3 a6 7. Bg2 Be7 8. O-O O-O 9. f4 Qc7 10. g4 Nc6 11. Nb3 b5 12. a3 Nd7 13. g5 Re8 14. Be3 Bf8 15. Rf3 Bb7 16. Rh3 g6 17. Qe1 Bg7 18. Qh4 Nf8 19. Rf1 b4 20. Nd1 bxa3 21. bxa3 Qe7 22. Nf2 f5 23. gxf6 Qxf6 24. Qg3 Qb2 25. Ng4 h5 26. Bc1 Qxc2 27. Ne3 Qxb3 28. f5 Nd4 29. Qg5 exf5 30. exf5 Ne2+ 31. Kh1 Bxg2+ 32. Qxg2 Nxc1 33. Nd5 Qb2 34. f6 Qxg2+ 35. Kxg2 Re2+ 36. Kf3 Bh6 37. Rxc1 Bxc1 38. Kxe2 Re8+ 39. Kd1 Bg5 40. Rg3 Re5 41. Ne7+ Kf7 42. Nc8 Rd5+ 43. Ke2 Bxf6 44. Rb3 Ke6 45. Rb7 Rb5 46. Ra7 Rc5 47. Nb6 Rc6 48. Na4 Nd7 49. Ra8 Nc5 50. Nxc5+ dxc5 51. Kd3 c4+ 52. Kc2 Rb6 0-1

[Event "TUR-ch U13-18 Open 2023"]
[Site "Antalya"]
[Date "2023.01.24"]
[Round "5"]
[White "Tezcan, Alper"]
[Black "Demirtas, Alper"]
[Result "1/2-1/2"]
[ECO "C10"]
[WhiteElo "1568"]
[BlackElo "1990"]
[Annotator "TA"]
[PlyCount "85"]
[EventDate "2023.01.17"]
[EventType "swiss"]
[EventCountry "TUR"]
[SourceTitle "playchess.com"]
[Source "ChessBase"]
[SourceQuality "1"]
[TimeControl "5400+30"]

1. e4 e6 2. d4 d5 3. Nd2 dxe4 4. Nxe4 Nd7 5. Nf3 Ngf6 6. Nxf6+ Nxf6 7. Bd3 Be7 8. O-O O-O 9. c3 b6 10. Qe2 Bb7 11. Bf4 Rc8 {[%emt 0:07:30] C10: French with 3 Nc3: Unusual Black 3rd moves and 3...dxe4.} 12. Rad1 Qd5 13. a3 Qh5 {[%emt 0:00:30] [#] White has an edge.} 14. Ne5 $146 ({Predecessor:} 14. Ba6 Bxa6 15. Qxa6 Qa5 16. Qxa5 bxa5 17. Rfe1 Nd5 18. Bc1 Bf6 19. Nd2 a4 20. Nc4 {0-1 Feher,A (2348)-Balog,I (2513) HUN-chT 1011 2010 (9)}) 14... Qxe2 15. Bxe2 Rfd8 16. Bf3 Bxf3 17. Nxf3 c5 18. dxc5 Bxc5 19. Ne5 Nd5 20. Bg3 f6 21. Nd3 (21. Nf3 $15) 21... e5 (21... Bxa3 $1 $17 22. Rfe1 (22. bxa3 $2 {is the wrong capture.} Nxc3 23. Rd2 Rd4 $17) 22... e5) 22. Rd2 {[%emt 0:17:30] [#]} (22. Nxc5 $11 bxc5 23. f4) 22... Ne3 $1 $17 23. Re1 {[%emt 0:03:30] [#]} Nc4 24. Rdd1 Rd5 {[%emt 0:02:30] ...Rcd8 is the strong threat.} 25. Nxc5 Rcxc5 26. b4 Rxd1 27. Rxd1 {[%emt 0:00:30][%mdl 4096] Endgame KRB-KRN} Rc7 (27... Rc8 $17 28. Ra1 Nb2) 28. a4 Nb2 29. Rd8+ Kf7 30. a5 Rxc3 {[%emt 0:00:30] ( -> ...Rc1+)} 31. h4 Rc7 {[%emt 0:00:30] Repels Rd7+} 32. f3 Nc4 33. a6 (33. axb6 $17 {was necessary.} Nxb6 34. Bf2) 33... Ke7 ({Black should try} 33... Ne3 $19 34. Be1 Ke7) 34. Rb8 (34. Rh8 $17) 34... Kd6 $19 35. f4 Kc6 36. fxe5 fxe5 ({Worse is} 36... Nxe5 37. Bxe5 fxe5 38. Kf2 $15) 37. Kf2 Re7 (37... Rf7+ $19 {is more deadly.} 38. Ke2 Kb5) 38. b5+ $17 Kd7 {[%emt 0:01:30] Hoping for ...Nd6.} 39. Rb7+ Ke6 40. Ke2 g6 41. Rxe7+ Kxe7 42. Kd3 Nd6 43. Bxe5 {[%emt 0:00:00] Weighted Error Value: White=0.18 (very precise) /Black=0.13 (very precise)} 1/2-1/2

[Event "TUR-ch U13-18 Open 2023"]
[Site "Antalya"]
[Date "2023.01.24"]
[Round "5"]
[White "Ogur, Nidal Hevi"]
[Black "Sinay, Ahmet"]
[Result "1-0"]
[ECO "B63"]
[WhiteElo "1511"]
[BlackElo "1612"]
[Annotator "NA RC COMBH"]
[PlyCount "51"]
[EventDate "2023.01.17"]
[EventType "swiss"]
[EventCountry "TUR"]
[SourceTitle "playchess.com"]
[Source "ChessBase"]
[SourceQuality "1"]
[TimeControl "5400+30"]

1. e4 c5 2. Nf3 d6 3. d4 cxd4 4. Nxd4 Nf6 5. Nc3 Nc6 6. Bg5 e6 7. Qd2 h6 8. Bxf6 Qxf6 9. Ndb5 Qd8 10. O-O-O Be7 11. Nxd6+ Kf8 12. Bb5 e5 13. Kb1 Nd4 14. Nc4 f6 15. Ba4 Be6 16. Ne3 Qa5 17. Bb3 Bxb3 18. axb3 Bb4 19. Qd3 Rc8 20. Ncd5 Bc5 21. b4 Bxb4 22. Nxb4 Qxb4 23. c3 Qa4 24. cxd4 Kf7 25. Qa3 Qb5 26. Nf5 1-0

[Event "TUR-ch U13-18 Open 2023"]
[Site "Antalya"]
[Date "2023.01.25"]
[Round "6"]
[White "Taspinar, Yanki"]
[Black "Tarhan, Adar"]
[Result "1/2-1/2"]
[ECO "C28"]
[WhiteElo "2275"]
[BlackElo "2321"]
[Annotator "TA"]
[PlyCount "41"]
[EventDate "2023.01.17"]
[EventType "swiss"]
[EventCountry "TUR"]
[SourceTitle "playchess.com"]
[Source "ChessBase"]
[SourceQuality "1"]
[TimeControl "5400+30"]

1. e4 e5 2. Nc3 Nc6 3. Bc4 Nf6 4. d3 Bb4 5. Nge2 d5 6. exd5 Nxd5 7. O-O Be6 8. Bxd5 Bxd5 9. f4 {[%emt 0:00:00] C28: Vienna Game: 2...Nf6 3 Bc4 Nc6.} O-O {[%emt 0:01:30] 9...f6 is the modern continuation.} 10. Nxd5 Qxd5 11. f5 {[%emt 0:00:00] [#] The position is equal.} Nd4 $146 ({Predecessor:} 11... f6 12. Ng3 Rf7 13. Ne4 Bf8 14. Be3 Nd4 15. c3 Nc6 16. Qe2 Rd8 17. Rad1 Qxa2 {1-0 Petrov,N (2553)-Dragomarezkij,E (2297) RUS-ch Rapid 2022 (7)}) 12. Ng3 Qc5 (12... Bc5 $14 13. Kh1 f6) 13. Rf2 {[%emt 0:00:30] Black must now prevent c3.} Be1 14. Qxe1 $18 Nxc2 15. Qc3 ({But not} 15. Ne4 Qb4 16. Qxb4 (16. Rxc2 $2 Qxe1#) 16... Nxb4 $18) ({White should play} 15. Qd2 $18 Nxa1 16. f6) 15... Qxc3 $11 16. bxc3 Nxa1 17. Bb2 {[%emt 0:00:30] [#]} Rfd8 $1 {[%emt 0:00:00][%cal Od8d3] ...Rxd3! is the strong threat.} 18. Rd2 {[%emt 0:00:00] [#]} Nc2 $1 {[%emt 0:00:00][%mdl 64] Hoping for ...Ne3. Deflection} 19. Kf2 {[%emt 0:03:00][%cal Og3e4] [#] Inhibits Ne3.} Rd7 $1 20. Rxc2 (20. Ke2 Rad8) 20... Rxd3 21. Bc1 {[%emt 0:00:30] An exciting game.   Weighted Error Value: White=0.52/Black=0.42} 1/2-1/2

[Event "TUR-ch U13-18 Open 2023"]
[Site "Antalya"]
[Date "2023.01.25"]
[Round "6"]
[White "Ozen, Metehan"]
[Black "Anacak, Hasan Gunes"]
[Result "1/2-1/2"]
[ECO "B69"]
[WhiteElo "2137"]
[BlackElo "1898"]
[Annotator "TA"]
[PlyCount "49"]
[EventDate "2023.01.17"]
[EventType "swiss"]
[EventCountry "TUR"]
[SourceTitle "playchess.com"]
[Source "ChessBase"]
[SourceQuality "1"]
[TimeControl "5400+30"]

1. e4 c5 2. Nf3 d6 3. d4 cxd4 4. Nxd4 Nf6 5. Nc3 Nc6 6. Bg5 e6 7. Qd2 a6 8. O-O-O Bd7 9. f4 Be7 10. Nf3 b5 11. Bxf6 gxf6 12. f5 Qb6 13. Qh6 {[%emt 0:01:00] B69: Sicilian: Richter-Rauzer: 7...a6 8 0-0-0 Bd7 9 f4 Be7 10 Nf3 b5 11 Bxf6.} O-O-O 14. Qh5 Rhf8 15. Kb1 Kb8 16. Bd3 Rc8 17. Rhe1 Qc5 {[%emt 0:03:30] [#] White took control after the opening.   Weighted Error Value: White=0.05 (flawless) /Black=0.04 (flawless)} {Predecessor:} 18. Ne2 $146 a5 19. Nc3 Ne5 20. fxe6 Nxd3 21. Qxc5 Rxc5 22. cxd3 fxe6 23. d4 Rc4 24. e5 fxe5 25. dxe5 {1-0 Turgut,A (2275)-Matta,N (2231) Charlotte CCCSA Summer IM-C 2021 (8)} 1/2-1/2

[Event "TUR-ch U13-18 Open 2023"]
[Site "Antalya"]
[Date "2023.01.25"]
[Round "6"]
[White "Yildirim, Ibrahim Halil"]
[Black "Danaci, Ege"]
[Result "1-0"]
[ECO "B10"]
[WhiteElo "2124"]
[BlackElo "2088"]
[Annotator "TA"]
[PlyCount "70"]
[EventDate "2023.01.17"]
[EventType "swiss"]
[EventCountry "TUR"]
[SourceTitle "playchess.com"]
[Source "ChessBase"]
[SourceQuality "1"]
[TimeControl "5400+30"]

1. e4 c6 2. c4 d5 3. exd5 cxd5 4. cxd5 Nf6 5. Nc3 Nxd5 6. Nf3 Nc6 {[%emt 0:03:30] 6...Nc6 is better than 6...e6.} 7. Bb5 {[%emt 0:02:30] B10: Caro-Kann: 2 d3 and 2 c4.} e6 8. O-O a6 9. Ba4 {[%emt 0:01:30] White has an edge.} b5 10. Bb3 Be7 11. d4 O-O {[%emt 0:02:30] [#]} 12. Nxd5 $146 ({Predecessor:} 12. Re1 Bf6 13. Ne4 Be7 14. a4 b4 15. Qd3 f5 16. Nc5 Qd6 17. Bc4 Nd8 18. Qb3 {½-½ Leopold,C (1982)-Schindler,G (1876) Regionalliga NO 1011 2010 (8.5)}) 12... exd5 13. Ne5 Nxe5 14. dxe5 Be6 15. Be3 Rc8 16. Qd2 a5 17. Rfd1 Qc7 18. Bd4 a4 19. Rac1 Qd7 {[%emt 0:00:30] [#] aiming for ...Rxc1.} 20. Bc2 Bf5 (20... Bg4 $5 ) 21. Bd3 h6 22. h3 Rfe8 23. Qe2 Bxd3 24. Qxd3 Bg5 25. Rxc8 Rxc8 26. Bc3 Rd8 27. Ba5 Ra8 28. Bb4 (28. Qxd5 $2 {too greedy.} Qxd5 29. Rxd5 Rxa5 $19) 28... Rd8 (28... Rc8 $1 $11 {remains equal.}) 29. Bd6 $16 {[%emt 0:00:14] White is more active.} Rc8 30. Qxd5 Rc2 31. Qd4 (31. Qa8+ $14 Qd8 32. Qe4 Rxb2 33. Rd5) 31... Qe6 32. Ba3 Qxa2 $2 ({Better is} 32... Qc4 $11) 33. h4 Rc4 34. Qd5 Bxh4 {[%emt 0:00:30] [#]} 35. Qxb5 (35. e6 $1 $16 fxe6 36. Qxe6+ Kh8 37. Re1 Bxf2+ {[%mdl 64] Decoy} 38. Kxf2 Rf4+ 39. Kg3 Qxe6 40. Rxe6) 35... Qb3 $2 {[%emt 0:00:28] Weighted Error Value: White=0.19 (very precise) /Black=0.19 (very precise)} (35... Re4 $11) 1-0

[Event "TUR-ch U13-18 Open 2023"]
[Site "Antalya"]
[Date "2023.01.25"]
[Round "6"]
[White "Kazik, Oguz Kagan"]
[Black "Ozkeskin, Nazim Efe"]
[Result "1-0"]
[ECO "B10"]
[WhiteElo "2053"]
[BlackElo "1742"]
[Annotator "TA"]
[PlyCount "172"]
[EventDate "2023.01.17"]
[EventType "swiss"]
[EventCountry "TUR"]
[SourceTitle "playchess.com"]
[Source "ChessBase"]
[SourceQuality "1"]
[TimeControl "5400+30"]

1. c4 c6 2. e4 d5 3. exd5 cxd5 4. cxd5 Nf6 5. Nc3 Nxd5 6. Nf3 Nc6 {[%emt 0:00:00] The main line 6...Nc6 scores better than 6...e6.} 7. Bb5 {[%emt 0:00:00] B10: Caro-Kann: 2 d3 and 2 c4.} g6 8. Qa4 Qd6 9. Ne4 {[%emt 0:05:30] The position is equal.} Qe6 10. Nfg5 Qd7 11. Nc5 Qc7 {[%emt 0:00:30] [#]} 12. Qc4 $146 (12. Qd4 $11 {remains equal.} Nf6 13. Qc4) ({Predecessor:} 12. Qd4 Nf6 13. Qc4 e6 14. O-O Be7 15. d3 a6 16. Nxa6 Rxa6 17. Bxa6 bxa6 18. Bf4 {½-½ Feuerstack,A (2374)-Donchenko,A (2573) GER-ch Net blitz sf 2021 (12)}) 12... Qe5+ (12... e6 $1 $17 {Threatens to win with ...Bxc5.} 13. Qd4 Rg8) 13. Nce4 $14 Bd7 14. Nf3 (14. d4 $1 $14 Qxd4 15. O-O) 14... Qf5 $11 15. O-O {[%emt 0:04:30] Strongly threatening Re1.} Nb6 ({Black should try} 15... Nc7 $15 16. Bxc6 Bxc6) 16. Qc3 $36 {[%emt 0:06:30][%mdl 2048] White has good play.} (16. Qe2 $5 O-O-O 17. d4 $11) 16... Rg8 {[%emt 0:11:30] [#]} (16... Ne5 $1 $11 17. Bxd7+ Nbxd7 18. Nxe5 Qxe5) 17. Re1 $1 $16 O-O-O (17... Qxb5 $2 18. Nd6+ Kd8 19. Nxb5 $18) 18. Nc5 {[%emt 0:11:30] And now d4 would win.} Nd5 (18... e6 $14 19. d4 Nd5) 19. Qb3 $1 Nb6 20. Nxd7 Rxd7 21. Bxc6 $1 bxc6 22. Ne5 Rd6 (22... Rc7 {keeps fighting.} 23. Nxf7 (23. Qxf7 Qxf7 24. Nxf7 Nd5 $16) 23... Nd5) 23. Qxf7 (23. Nxf7 $2 {is the wrong capture.} Rf6 24. f3 Rxf7 $19) (23. d4 $1 $18 {is the precise move to win.}) 23... Rf6 24. Qe8+ Kc7 {[%emt 0:00:25] [#]} 25. f3 ({White should play} 25. Nf3 $1 $16) 25... Rh8 26. d4 {[%emt 0:03:34] The board is on fire. White is much more active.} Nc8 (26... Re6 $1 $14 27. Bd2 Bg7) 27. Bd2 $18 Bg7 28. Ba5+ Kb7 29. Qd7+ Qxd7 30. Nxd7 Rd6 31. Nc5+ Ka8 32. Ne6 Bf6 33. Rad1 Nb6 34. Bc3 Nd5 35. Nc5 Nxc3 (35... Rhd8 $16 {is a better defense.} 36. Rc1 h5) 36. bxc3 Rd5 37. Re6 Rd6 38. Rde1 Rhd8 39. Kf2 Rxd4 40. cxd4 Bxd4+ 41. Ke2 Bxc5 42. Rxc6 {[%emt 0:00:30][%mdl 4096] Endgame KRR-KRB} Rd5 43. Rb1 Re5+ 44. Kd3 Bb6 45. Rc8+ Kb7 46. Rh8 h5 47. Rb2 Kc7 48. Rg8 Rd5+ 49. Ke4 Rd4+ 50. Ke5 {[%emt 0:00:30][%cal Ob2b6] Rxb6! is the strong threat.} Rd6 51. Rc2+ Kd7 52. Kf4 Rf6+ 53. Kg3 Bc7+ 54. Kh3 a5 55. g3 Bd6 56. f4 a4 {[%emt 0:00:30] [#]} 57. a3 $1 Bxa3 58. Ra8 Bd6 59. Rxa4 Ke6 60. Ra5 Kf7 (60... Rf5 {was necessary.}) 61. Kh4 Kg7 62. Rc8 Re6 $2 (62... Rf7 63. Rd5 Bb4) 63. Rc2 $2 (63. Raa8 $18) 63... Re4 $2 (63... Rf6 $1 $11 64. Kg5 Bb4) 64. Kh3 Re3 65. Kg2 Kf7 66. Kf2 Rb3 67. Ke2 Kf6 68. Rd5 Ke6 69. Rd3 Rb5 70. Kf3 Rb4 71. Re2+ Kf6 72. Re4 Rb2 73. h3 Rh2 74. Rde3 Bc5 (74... h4 {was worth a try.}) 75. Re6+ Kf7 {[%emt 0:00:30] [#]} 76. Re2 $1 {[%emt 0:00:00] Rxe7+ would be deadly.} ({Stronger than} 76. R3e5 Rf2+ 77. Ke4 Bd6 $11) 76... Rh1 77. Re1 {[%emt 0:00:00] Black must now prevent Rxe7+.} Rxe1 78. Rxe1 {[%emt 0:00:05][%cal Of4f5] KR-KB} Kf6 79. g4 h4 $2 (79... hxg4+ $18 80. hxg4 Kf7) 80. g5+ Kf7 81. Re2 Bd6 82. Kg4 Ke8 83. Re4 Kd7 84. Kxh4 Kc6 85. Kg4 Kd5 86. Re1 {[%emt 0:00:30] White threatens f5 and mate.} Bc7 {[%emt 0:00:30] Weighted Error Value: White=0.19 (very precise) /Black=0.31} 1-0

[Event "TUR-ch U13-18 Open 2023"]
[Site "Antalya"]
[Date "2023.01.25"]
[Round "6"]
[White "Demirtas, Alper"]
[Black "Deveci, Huseyin Said"]
[Result "1-0"]
[ECO "E05"]
[WhiteElo "1990"]
[BlackElo "1987"]
[Annotator "TA"]
[PlyCount "115"]
[EventDate "2023.01.17"]
[EventType "swiss"]
[EventCountry "TUR"]
[SourceTitle "playchess.com"]
[Source "ChessBase"]
[SourceQuality "1"]
[TimeControl "5400+30"]

1. c4 Nf6 2. Nf3 e6 3. g3 d5 4. d4 Be7 5. Bg2 O-O 6. O-O dxc4 7. Ne5 Nc6 8. Bxc6 bxc6 9. Nxc6 Qe8 10. Nxe7+ Qxe7 11. Qa4 e5 12. dxe5 Qxe5 13. Qxc4 Be6 {[%emt 0:00:00] E05: Open Catalan: 5 Nf3 Be7.} 14. Qc2 {[%emt 0:03:30] The main line 14.Qc2 scores better than 14.Qd3.} Bf5 15. Qc4 Be6 {[%emt 0:00:00] The position is equal.} 16. Qd3 Rad8 17. Qe3 Qh5 {[%emt 0:02:30] White must now prevent ...Ng4.} 18. f3 {[%emt 0:01:30] Wards off Ng4} Rfe8 (18... Bc4 $5 19. Nc3 Rfe8 $14) 19. Qf2 g5 (19... Bc4 $11 {keeps the balance.} 20. Nc3 Nd5) 20. Nc3 $16 (20. Qxa7 Bc4 21. Qc5 Bxe2 22. Qxg5+ Qxg5 23. Bxg5 Bxf1 $17) 20... Bh3 21. Re1 {[%emt 0:02:30] [#]} Qg6 $146 ({Predecessor:} 21... g4 22. Be3 a6 23. Rad1 Nd5 24. Bd4 c5 25. fxg4 Qg5 26. e4 Nxc3 27. Bxc3 Rxd1 28. Rxd1 Rd8 29. Rxd8+ Qxd8 30. Qe2 Qg5 31. Kf2 Qxg4 32. Qd2 h5 33. Qd8+ {1-0 Wojtkiewicz,A (2420)-Kalinin,O (2315) Rzeszow 19th 1988 (11)}) 22. Be3 g4 (22... Nd5 $16 {was necessary.} 23. Nxd5 (23. Bxa7 Nxc3 24. bxc3 Rd2 $16) 23... Rxd5 24. Bxa7 Rd2) 23. Rad1 Rxd1 24. Rxd1 (24. Nxd1 Nd7 $16) 24... Qc2 25. Bd4 Nd5 26. e4 (26. Bxa7 Nxc3 27. Re1 Nxe2+ 28. Kh1 Nxg3+ 29. Qxg3 Rxe1+ 30. Bg1 Qe2 31. b4 Rxg1+ 32. Qxg1 Qxf3+) 26... Qxf2+ 27. Kxf2 Nxc3 28. Bxc3 gxf3 29. Kxf3 $18 {[%emt 0:00:00][%mdl 4096] Endgame KRB-KRB} f5 30. exf5 Bxf5 31. g4 Be6 32. a3 Kf7 33. Rd4 a6 34. h4 Rg8 35. Ra4 Rg6 36. g5 (36. Rxa6 $2 {loses.} Bd5+ 37. Kg3 Rxa6 $19) 36... Bd5+ 37. Kf4 {[%emt 0:01:30] Ra5 would be deadly.} Re6 38. Rd4 c6 (38... Bb3 $16 39. Bb4 (39. Rd7+ Re7 $16) 39... Ke8) 39. Kf5 Re2 {[%emt 0:01:39] [#]} 40. Ra4 $1 Be6+ 41. Kf4 Kg6 (41... Rh2 $142 42. Ke5 (42. Rxa6 Rxh4+ 43. Ke5 Bd5 $18) 42... Bd5 43. Rxa6 Rxh4) 42. Rxa6 Bd5 43. Ra7 {[%emt 0:02:30] Hoping for Rg7+.} Re4+ 44. Kg3 Re2 45. Rg7+ {[%emt 0:00:30][%mdl 64] Deflection} Kf5 46. Rxh7 Rg2+ 47. Kh3 Rg1 (47... Rf2 $142 48. Rh6 Rf3+ 49. Kh2 Kg4) 48. Rh8 Kf4 (48... Rh1+ {might work better.} 49. Kg3 Rg1+ 50. Kf2 Rg4) 49. Rf8+ Ke3 50. a4 c5 {[%emt 0:00:08] [#]} 51. Bd2+ $1 Ke2 (51... Kd3 52. Rd8) 52. Bf4 Bf3 53. Re8+ Kf1 54. Bg3 Rh1+ 55. Bh2 Kf2 56. Rf8 {[%emt 0:00:30] g6 would kill now.} Ra1 57. g6 Rxa4 58. g7 {[%emt 0:00:30] Weighted Error Value: White=0.12 (very precise) /Black=0.30} 1-0

[Event "TUR-ch U13-18 Open 2023"]
[Site "Antalya"]
[Date "2023.01.25"]
[Round "6"]
[White "Temizer, Umut"]
[Black "Gokcek, Kursat Bugra"]
[Result "0-1"]
[ECO "B33"]
[WhiteElo "1989"]
[BlackElo "2116"]
[Annotator "TA"]
[PlyCount "92"]
[EventDate "2023.01.17"]
[EventType "swiss"]
[EventCountry "TUR"]
[SourceTitle "playchess.com"]
[Source "ChessBase"]
[SourceQuality "1"]
[TimeControl "5400+30"]

1. e4 c5 2. Nf3 Nc6 3. d4 cxd4 4. Nxd4 Qb6 5. Nb3 Nf6 6. Nc3 e6 7. Be3 {[%emt 0:00:30] 7.Bd3 might become the main line.} Qc7 8. a3 a6 {[%emt 0:04:30] B33: Sicilian: Pelikan and Sveshnikov Variations.} 9. g3 d6 10. f4 b5 {[%emt 0:00:30] The position is equal.} 11. Bg2 Bb7 12. O-O Be7 13. h3 {[%emt 0:00:30] [#]} Nd7 $146 ({Predecessor:} 13... O-O 14. Qd2 b4 15. axb4 Nxb4 16. Na5 {½-½ Jones,I (1976)-Bevan,P (2013) West Wales op 48th 2015 (5)}) 14. Nd4 Nxd4 15. Bxd4 Bf6 16. Kh2 e5 17. Bg1 (17. fxe5 $11 Bxe5 18. a4 (18. Nd5 Bxd5 19. exd5 Bxd4 $11)) 17... exf4 $1 $17 18. gxf4 Bxc3 19. bxc3 O-O 20. Qd4 Nf6 21. Rfe1 Rfe8 22. Rad1 Re6 {[%emt 0:00:30] Hoping for ...Rae8.} (22... Rac8 $5 23. Re3 Nh5 $17) 23. Bf2 $1 Rae8 24. f5 Rxe4 25. Bxe4 {[%emt 0:00:30] Black keeps a firm grip on the game.} Nxe4 26. Bg3 (26. f6 $142) 26... Qc6 {[%emt 0:00:30] White must now prevent ...Re7.} 27. Re2 (27. Qe3 $17) 27... Ng5 $1 $19 (27... Qxc3 $2 28. Qxc3 (28. Bxd6 $2 Qxd4 {[%mdl 64] Remove Defender} 29. Rxd4 Nxd6 $19) 28... Rc8 29. Rxe4 $18) 28. Rxe8+ Qxe8 29. Rd3 (29. Qf2 $142) 29... Qe2+ (29... Qc6 $142 30. Qg1 Nf3+ 31. Rxf3 Qxf3) 30. Qf2 {[%emt 0:00:30] [#] White is weak on the light squares} Qe4 $40 {[%emt 0:00:30][%csl Gb7][%cal Re4h1][%mdl 128] Black goes for the king.} 31. Qf1 {[%emt 0:00:30] [#] Prevents Qh1+.} f6 $1 32. Bxd6 h5 33. Kg3 (33. Bf4 $17) 33... h4+ 34. Kf2 (34. Kh2 $142) 34... Qxf5+ (34... Nf7 35. Bb8 $17) 35. Ke1 Qe6+ ({And not} 35... Bf3 36. Re3 $17) 36. Qe2 Be4 {[%emt 0:00:30][%mdl 64] Deflection} 37. Rd1 Nf3+ ({Inferior is} 37... Bxc2 38. Qxe6+ Nxe6 39. Rd2 $11) (37... Nxh3 $2 {loses.} 38. Bh2 Ng5 39. Rd6 $19) 38. Kf2 Qf5 {[%emt 0:00:30] Inhibits Bf4.} 39. Ke3 {[%emt 0:00:30] Prevents Nd4} (39. Qe3 {was the only defense.} Ne5+ 40. Ke1) 39... Bc6 40. Qd3 Qxh3 41. Kf2 Qg4 {[%emt 0:00:30] Wards off Bf4} 42. Bc5 $2 (42. Re1) 42... Ne5 43. Qd8+ Kh7 {[%emt 0:00:30] ( -> ...Qg2+)} 44. Qd4 Qg2+ {[%emt 0:00:30][%mdl 64] Skewer. Black mates.} 45. Ke3 Nc4+ 46. Kd3 Qf3+ {[%emt 0:00:30] Ingenious play by Gokcek!   Weighted Error Value: White=0.83/Black=0.09 (flawless)} 0-1

[Event "TUR-ch U13-18 Open 2023"]
[Site "Antalya"]
[Date "2023.01.25"]
[Round "6"]
[White "Caliskan, Seha"]
[Black "Kandaz, Berat Efe"]
[Result "0-1"]
[ECO "D13"]
[WhiteElo "1954"]
[BlackElo "1650"]
[Annotator "TA"]
[PlyCount "122"]
[EventDate "2023.01.17"]
[EventType "swiss"]
[EventCountry "TUR"]
[SourceTitle "playchess.com"]
[Source "ChessBase"]
[SourceQuality "1"]
[TimeControl "5400+30"]

1. d4 d5 2. c4 c6 3. cxd5 cxd5 4. Nc3 Nf6 5. Nf3 Nc6 6. Bf4 a6 7. Rc1 Bf5 8. e3 Rc8 9. Be2 {[%emt 0:07:00] D13: Slav Defence: Exchange variation without ...Bf5.} e6 10. O-O Bd6 11. Qb3 {[%emt 0:06:30] [#] Hoping for Bxd6. The position is equal.} Na5 $146 ({Predecessor:} 11... Bxf4 12. exf4 Qe7 13. Na4 O-O 14. Nc5 Nxd4 15. Nxd4 Rxc5 16. Nxf5 exf5 17. Rxc5 Qxc5 18. Qxb7 {½-½ Bu,X (2607)-Fridman,D (2569) Dos Hermanas Internet f 6th 2005 (5.6)}) 12. Qa4+ Nc6 $1 13. Bxa6 bxa6 14. Ne2 Bd3 $1 15. Rxc6 Bb5 {[%emt 0:00:30] This pair of bishops is nice.} 16. Rxc8 ({Don't play} 16. Rxd6 Bxa4 17. Rxd8+ Kxd8 $17) 16... Qxc8 17. Qd1 Bxf4 18. exf4 {[%emt 0:00:30] White is weak on the light squares} Qc4 19. Re1 Qxa2 20. Qc2 {[%emt 0:11:30] Strongly threatening Qc8+.} O-O 21. Nc3 Qc4 22. Qd1 Qb4 23. Qd2 Rb8 24. Ne5 Be8 25. Rb1 {[%emt 0:01:19] [#] White is now going downhill.} Ne4 $1 26. Nxe4 dxe4 27. Qc2 Qxd4 28. Rd1 (28. Nc4 $17 {was called for.}) 28... Rxb2 $19 (28... Qxb2 $2 29. Qxe4 a5 30. h3 $19) 29. Rxd4 Rxc2 {[%emt 0:00:42][%mdl 4096] Endgame KRB-KRN} 30. g4 f6 31. Nc4 Bb5 32. Nd6 $2 {[%emt 0:01:07] [#]} (32. Rd8+ $19 Kf7 33. Ne3) 32... Be2 $2 (32... Rc1+ {mates} 33. Rd1 Rxd1+ 34. Kg2 Bf1+ 35. Kg3 Rd3+ 36. f3 Rxf3+ 37. Kh4 Rh3#) 33. h3 Rc1+ 34. Kh2 Rd1 35. Rxe4 Bxg4 36. hxg4 Rxd6 {[%emt 0:00:30] KR-KR} 37. Rb4 (37. Ra4 $142) 37... Rd8 38. Kg3 $2 (38. Ra4 {is the only way for White.}) 38... Ra8 39. f5 exf5 40. gxf5 a5 41. Ra4 Kf7 42. Kf4 g6 43. fxg6+ hxg6 (43... Kxg6 $2 {is the wrong capture.} 44. Kf3 $19) 44. Ke4 Ke6 45. Kd4 Kd6 46. f3 $2 (46. f4) 46... Kc6 47. Kc3 Kb5 48. Rf4 a4 {[%emt 0:01:30][%cal Ba5a4,Ba4a3][%mdl 32] White must now prevent ...a3.} 49. Kb2 a3+ 50. Ka2 f5 51. Rd4 Kc5 52. Rd7 g5 53. Rg7 f4 {[%emt 0:00:30] Threatens to win with ...Kd4.} 54. Rxg5+ Kd4 {[%emt 0:00:30] Black mates.} 55. Rb5 Ke3 56. Rb3+ Ke2 57. Rc3 Rd8 58. Rc4 Kxf3 59. Kxa3 Ke3 60. Rc7 f3 61. Rf7 Re8 {[%emt 0:00:29] Weighted Error Value: White=0.56/Black=0.25 (precise)} 0-1